 Dungeon Crawl Stone Soup version 0.14-a0-1969-g2c76abe (webtiles) character file.

224 Kae the Insei (level 4, -2/31 HPs)
             Began as a Draconian Transmuter on Jan 16, 2014.
             Killed by divine providence
             ... invoked by an orc priest
              (12 damage)
             ... on Level 4 of the Dungeon.
             The game lasted 00:03:55 (2052 turns).

Kae the Insei (Draconian Transmuter)                Turns: 2052, Time: 00:03:55

HP  -2/31        AC  5     Str 12      XL: 4   Next: 89%
MP   6/7         EV 12     Int 14      God:
Gold 94          SH  0     Dex 14      Spells:  3 memorised,  1 level left

rFire  . . .     SeeInvis .       - Unarmed
rCold  . . .     Clarity  .     (armour unavailable)
rNeg   . . .     Conserve .     (no shield)
rPois  .         rCorr    .     (helmet restricted)
rElec  .         rRot     .     (no cloak)
SustAb . .       Spirit   .     (no gloves)
rMut   .         Warding  .     (boots unavailable)
Saprov . . .     Stasis   .     (no amulet)
MR     .....                    (no ring)
                                (no ring)

@: appendage, mildly poisoned, not resistant to hostile enchantments, unstealthy
A: unfitting armour, talons 3, agile 1, deformed body, frail 1, AC +5
a: End Transformation


You were on level 4 of the Dungeon.
You were not hungry.
You had grown temporary talons.
You visited 1 branch of the dungeon, and saw 4 of its levels.

You collected 94 gold pieces.

Inventory:

Missiles
 b - 43 arrows
Comestibles
 a - a bread ration
 g - a chunk of jackal flesh
 k - 2 meat rations
 z - 2 rotting chunks of gnoll flesh
Scrolls
 c - 6 scrolls of identify {unknown}
 e - 2 scrolls of enchant weapon I {unknown}
 h - a scroll of amnesia {unknown}
 i - 2 scrolls of remove curse {unknown}
 l - a scroll of fog {unknown}
 m - a scroll of blinking {unknown}
 o - a scroll of enchant armour {unknown}
 r - a scroll of noise {unknown}
 t - a scroll of teleportation {unknown}
 y - a scroll of random uselessness {unknown}
Jewellery
 p - an uncursed ring of positive energy {unknown}
 q - an uncursed ring of ice {unknown}
 u - a cursed ring of teleportation {unknown}
 v - an uncursed ring of fire {unknown}
Potions
 j - 2 potions of restore abilities {unknown}
 n - a potion of might {unknown}
 s - a potion of paralysis {unknown}
 w - 2 potions of curing {unknown}
 x - a potion of flight {unknown}
Books
 d - a book of Changes

   Spells                             Type                      Level
   *Beastly Appendage                 Transmutation                1
   *Sticks to Snakes                  Transmutation                2
   *Spider Form                       Transmutation/Poison         3
   Ice Form                           Ice/Transmutation            4
   Blade Hands                        Transmutation                5


   Skills:
 - Level 1.1 Fighting
 - Level 1.7 Dodging
 * Level 5.0 Unarmed Combat
 - Level 2.0 Spellcasting
 + Level 3.2 Transmutations


You had one spell level left.
You knew the following spells:

 Your Spells              Type           Power        Failure   Level  Hunger
a - Beastly Appendage     Trmt           ##....       10%         1    ##.....
b - Sticks to Snakes      Trmt           ##........   12%         2    ###....
c - Spider Form           Trmt/Pois      #.........   38%         3    ####...


Dungeon Overview and Level Annotations

Branches:
Dungeon (4/16)
 Temple: D:4-7

Altars:
Elyvilon


Innate Abilities, Weirdness & Mutations

Your plain brown scales are hard (AC +5).*
Your body does not fit into most forms of armour.
Your cold-blooded metabolism reacts poorly to cold.
You have claws for feet.*
You are agile. (Dex +2)
Your body is misshapen.*
You are frail (-10% HP).


Message History

The scorpion stings you.
You are poisoned.
The scorpion poisons you! The worker ant barely misses you.
You hit the scorpion. You claw the scorpion. You tail-slap the scorpion.
The scorpion is heavily wounded.
The worker ant barely misses you. The scorpion stings you!
You hit the scorpion. Your kick misses the scorpion.
The scorpion is almost dead.
You feel sick. The worker ant bites you.
The scorpion stings you but does no damage.
You are too injured to fight recklessly!
You are too injured to fight recklessly!
You are too injured to fight recklessly!
You are too injured to fight recklessly!
You are too injured to fight recklessly!
An orc priest comes into view.
The orc priest shouts!
The orc priest invokes the aid of Beogh against you.
Something smites you!
You die...

.(. ..?...#.
###........
..#..........
%$....!........
........>.....##
...............#
#...............
##.....@a<...?../
#......s<........
........w......#.
o.............##
...............#
..#............
###..........
......#...
.....###.


You could see a worm, a worker ant, a scorpion and an orc priest.

Vanquished Creatures
  4 gnolls (D:3)
  An adder (D:3)
  2 giant mites
  A worm (D:2)
  A giant gecko (D:1)
  2 orcs
  8 giant cockroaches
  2 goblins
  8 hobgoblins
  7 jackals
  6 bats
  4 giant newts
  6 kobolds
  5 rats
57 creatures vanquished.

Notes
Turn   | Place    | Note
--------------------------------------------------------------
     0 | D:1      | Kae, the Draconian Transmuter, began the quest for the Orb.
     0 | D:1      | Reached XP level 1. HP: 16/16 MP: 3/3
    26 | D:1      | Reached XP level 2. HP: 18/23 MP: 2/4
   312 | D:1      | Reached skill level 4 in Unarmed Combat
   357 | D:1      | Reached XP level 3. HP: 24/28 MP: 4/6
   361 | D:1      | Learned a level 2 spell: Sticks to Snakes
   365 | D:1      | Learned a level 3 spell: Spider Form
  1387 | D:3      | Found a white marble altar of Elyvilon.
  1489 | D:3      | Reached XP level 4. HP: 30/35 MP: 5/7
  1840 | D:3      | Gained mutation: You are agile. (Dex +2) [potion of mutation]
  1840 | D:3      | Gained mutation: Your body is misshapen. [potion of mutation]
  1840 | D:3      | Gained mutation: You are frail (-10% HP). [potion of mutation]
  1850 | D:3      | Reached skill level 5 in Unarmed Combat
  2052 | D:4      | Killed from afar by an orc priest

Action                   |  1- 3 |  4- 6 || total
-------------------------+-------+-------++-------
Melee: Unarmed           |   145 |    58 ||   203
 Cast: Beastly Appendage |    10 |     6 ||    16
  Use: Potion            |       |     2 ||     2
 Stab: Sleeping          |     1 |       ||     1
